Map: Jagannatha LE

Players

Stephano

  • Race: Zerg Zerg

Gerald - Winner!

  • Race: Protoss Protoss

Event: DreamHack SC2 Masters 2021 Fall

VOD

Have the link to the VOD?

Description

Time

  • Played on: Aug. 3, 2021, 2:48 p.m.
  • Length: 13:34

All games in this series

Show
View Real Time Build Order
Export as new Build Order

Stephano Zerg 

Build Orders: Hatch First 

Get SALT Encoding   

  12  0:00  Drone  
  13  0:12  Overlord  
  13  0:17  Drone  
  14  0:30  Drone x2  
  16  0:51  Drone, Hatchery  
  16  0:54  Drone  
  17  0:58  Drone  
  18  1:08  Extractor  
  17  1:14  Spawning Pool  
  17  1:16  Drone  
  17  1:21  Drone  
  18  1:27  Drone  
  19  1:38  Drone  
  20  1:49  Drone  
  21  2:02  Zergling x2, Queen  
  21  2:03  Queen, Drone  
  27  2:11  Overlord  
  27  2:14  Drone  
  28  2:21  Metabolic Boost  
  28  2:29  Hatchery  
  27  2:31  Drone  
  28  2:40  Queen  
  31  2:45  Overlord  
  31  2:47  Drone  
  31  2:50  Overlord  
  31  2:53  Drone  
  31  2:56  Drone  
  33  3:04  Drone x2  
  35  3:11  Drone, Overlord  
  35  3:12  Drone x2  
  38  3:19  Zergling x2  
  39  3:22  Queen  
  39  3:25  Zergling x2  
  42  3:29  Drone  
  42  3:30  Drone  
  42  3:31  Spore Crawler  
  43  3:39  Drone  
  43  3:40  Drone  
  44  3:42  Drone  
  44  3:44  Drone x3  
  48  3:52  Drone x3, Evolution Chamber  
  48  3:53  Drone  
  51  3:59  Zergling x2  
  52  4:05  Drone x4  
  52  4:09  Spore Crawler  
  55  4:14  Overlord  
  55  4:15  Zergling x6  
  55  4:16  Zergling x2  
  58  4:21  Zerg Melee Weapons Level 1  
  58  4:27  Overlord  
  58  4:30  Overlord  
  58  4:31  Queen  
  58  4:36  Overlord  
  60  4:40  Zergling x12  
  60  4:42  Spore Crawler  
  65  4:48  Zergling x4  
  65  4:51  Drone x2  
  69  4:58  Drone  
  70  5:00  Queen  
  70  5:01  Queen  
  70  5:07  Queen  
  67  5:15  Drone x2  
  67  5:21  Zergling x14  
  70  5:25  Extractor  
  70  5:26  Extractor  
  74  5:32  Drone x4  
  74  5:34  Drone x2  
  80  5:36  Queen x2  
  86  5:50  Lair  
  86  5:54  Zergling x2  
  86  5:55  Zergling x10  
  89  5:57  Overlord  
  89  5:59  Overlord  
  89  6:03  Overlord  
  89  6:06  Overlord  
  88  6:14  Zergling x2  
  88  6:15  Zergling x2  
  87  6:24  Zergling x2  
  87  6:25  Zergling x18  
  83  6:37  Drone x8  
  87  6:41  Drone  
  87  6:42  Queen x2  
  87  6:46  Drone x2  
  92  6:51  Zerg Melee Weapons Level 2, Nydus Network  
  92  6:53  Queen  
  87  7:05  Zergling x22  
  95  7:17  Queen  
  91  7:24  Zergling x10  
  90  7:31  Queen x2  
  90  7:35  Zergling x10  
  90  7:36  Baneling Nest  
  95  7:43  Nydus Canal  
  95  7:50  Hatchery  
  92  7:51  Zergling x12  
  97  8:01  Nydus Canal  
  97  8:09  Zergling x2  
  97  8:10  Zergling x22  
  109  8:18  Queen  
  109  8:19  Queen  
  113  8:26  Zergling x8, Queen  
  115  8:38  Overlord  
  115  8:40  Overseer x3  
  97  8:49  Nydus Canal  
  97  8:54  Queen x2  
  97  8:55  Zergling x8  
  97  8:56  Zergling x12  
  97  9:02  Pneumatized Carapace  
  105  9:05  Nydus Canal  
  103  9:13  Zergling x16  
  111  9:25  Nydus Canal  
  111  9:30  Queen x2  
  115  9:34  Zergling x12  
  115  9:35  Zergling x10  
  123  9:41  Queen  
  114  9:47  Drone  
  114  9:48  Roach Warren, Drone  
  113  9:55  Drone x4  
  117  10:01  Baneling x8  
  117  10:02  Spore Crawler  
  116  10:09  Zergling x8  
  116  10:13  Drone x3  
  121  10:21  Overlord  
  121  10:22  Drone x4  
  111  10:39  Glial Reconstitution  
  111  10:41  Roach x6  
  123  10:46  Drone  
  123  10:47  Drone x3  
  128  10:50  Drone  
  128  11:00  Drone x3  
  128  11:01  Drone  
  128  11:02  Drone x4  
  136  11:09  Extractor  
  136  11:11  Extractor  
  134  11:18  Drone x2  
  135  11:19  Overlord x3  
  135  11:20  Spine Crawler  
  132  11:30  Baneling x5  
  132  11:31  Ravager x5  
  132  11:32  Ravager, Roach  
  131  11:33  Zergling x8  
  135  11:41  Zergling x2  
  135  11:42  Zergling x22  
  147  11:49  Roach  
  147  11:50  Roach x3  
  155  11:59  Drone x3  
  158  12:06  Roach  
  157  12:15  Zergling x22  
  143  12:22  Roach x6  
  125  12:31  Zergling x12  
  114  12:39  Roach x5  
  109  12:44  Roach x3  
  109  12:50  Zergling x8  
  104  12:51  Zergling x2  
  104  12:56  Ravager x2  
  104  12:57  Baneling  
  104  12:58  Baneling x5  
  101  12:59  Baneling  
  101  13:00  Baneling  
  94  13:07  Ravager x5  
  94  13:08  Zergling x6  
  102  13:15  Zergling x8  
Show
View Real Time Build Order
Export as new Build Order

Gerald Protoss - Winner!

Build Orders: 1 Gate Expand, Oracle Opening 

Get SALT Encoding   

  12  0:00  Probe  
  13  0:12  Probe  
  14  0:20  Pylon  
  14  0:24  Probe (Chrono Boost)  
  15  0:40  Gateway, Probe (Chrono Boost)  
  16  0:45  Probe (Chrono Boost)  
  17  0:50  Assimilator  
  17  0:54  Probe  
  18  1:06  Probe  
  19  1:18  Probe  
  20  1:28  Nexus  
  20  1:38  Cybernetics Core  
  20  1:45  Probe  
  21  1:47  Assimilator  
  21  1:55  Pylon  
  21  1:57  Probe  
  22  2:09  Probe  
  22  2:12  Stalker (Chrono Boost)  
  25  2:22  Stargate, Probe  
  26  2:32  Adept (Chrono Boost)  
  28  2:37  Warp Gate  
  28  2:38  Probe  
  28  2:40  Probe  
  30  2:50  Probe  
  31  2:52  Probe  
  31  2:55  Adept  
  34  3:02  Probe  
  34  3:04  Probe  
  36  3:07  Oracle (Chrono Boost)  
  39  3:16  Probe  
  39  3:17  Gateway, Probe  
  41  3:28  Probe  
  41  3:29  Probe  
  43  3:36  Oracle (Chrono Boost)  
  43  3:38  Pylon  
  46  3:44  Gateway  
  46  3:56  Pylon, Probe x2  
  48  4:07  Oracle (Chrono Boost)  
  48  4:09  Probe x2  
  52  4:21  Probe x2  
  52  4:23  Forge  
  54  4:25  Adept x2  
  58  4:33  Probe x2  
  58  4:36  Nexus  
  60  4:38  Pylon  
  60  4:47  Probe x2  
  60  4:50  Assimilator  
  60  4:51  Pylon  
  62  4:57  Adept x3  
  64  5:17  Probe  
  64  5:19  Protoss Ground Weapons Level 1, Probe  
  64  5:21  Adept x3  
  70  5:22  Twilight Council  
  70  5:25  Assimilator  
  72  5:30  Probe  
  72  5:31  Probe  
  74  5:40  Pylon, Oracle (Chrono Boost)  
  74  5:42  Probe  
  78  5:43  Pylon  
  78  5:46  Pylon  
  78  5:48  Probe  
  79  5:51  Probe  
  79  5:52  Shield Battery  
  79  5:54  Probe  
  81  6:00  Probe  
  81  6:01  Adept x2  
  81  6:02  Adept  
  81  6:03  Probe  
  89  6:06  Probe  
  90  6:12  Probe  
  90  6:15  Probe  
  90  6:18  Probe  
  91  6:23  Zealot x3  
  91  6:24  Probe  
  92  6:27  Probe  
  92  6:29  Blink  
  92  6:30  Probe  
  92  6:36  Probe  
  92  6:39  Probe  
  92  6:45  Probe  
  87  6:48  Probe  
  87  6:49  Stalker  
  87  6:50  Stalker x2  
  87  6:51  Shield Battery, Probe  
  87  6:54  Assimilator  
  89  6:58  Gateway  
  89  7:00  Gateway  
  89  7:07  Probe x3  
  89  7:12  Dark Shrine  
  89  7:16  Adept  
  89  7:17  Adept x2  
  89  7:19  Probe x2  
  89  7:22  Probe  
  94  7:23  Pylon  
  90  7:31  Probe x2  
  90  7:33  Pylon  
  90  7:34  Probe  
  90  7:35  Assimilator, Gateway  
  93  7:37  Gateway, Robotics Facility  
  93  7:42  Gateway  
  93  7:43  Protoss Ground Weapons Level 2, Probe x2  
  95  7:46  Probe  
  95  7:48  Stalker  
  95  7:49  Stalker  
  100  7:52  Stalker  
  100  7:57  Pylon  
  102  8:00  Photon Cannon  
  102  8:03  Gateway  
  102  8:04  Shield Battery  
  102  8:12  Gateway  
  97  8:20  Probe  
  97  8:22  Gateway  
  97  8:25  Gateway  
  97  8:26  Dark Templar x4  
  106  8:30  Pylon x2  
  100  8:36  Dark Templar  
  101  8:47  Probe  
  91  9:01  Stalker  
  91  9:02  Stalker  
  95  9:05  Pylon  
  95  9:07  Photon Cannon x2, Immortal  
  99  9:11  Photon Cannon  
  99  9:13  Photon Cannon x2  
  99  9:14  Pylon  
  99  9:16  Dark Templar x2  
  99  9:17  Dark Templar x2, Cybernetics Core, Archon  
  105  9:18  Archon  
  105  9:32  Archon  
  105  9:36  Pylon  
  105  9:42  Archon  
  105  9:44  Immortal (Chrono Boost)  
  105  9:55  Dark Templar  
  105  9:58  Stalker x7  
  121  10:01  Cybernetics Core  
  121  10:07  Shield Battery x2  
  121  10:09  Pylon  
  121  10:13  Stalker  
  123  10:16  Pylon, Immortal (Chrono Boost)  
  127  10:25  Stalker x5  
  135  10:39  Probe x2  
  135  10:42  Pylon  
  137  10:46  Pylon  
  137  10:53  Pylon  
  137  10:55  Observer (Chrono Boost)  
  138  10:58  Dark Templar x4  
  138  11:02  Probe x2  
  148  11:08  Warp Prism (Chrono Boost)  
  148  11:09  Archon x2  
  150  11:19  Nexus  
  150  11:21  Pylon  
  150  11:23  Pylon  
  150  11:31  Probe  
  151  11:34  Gateway  
  151  11:35  Gateway  
  151  11:38  Dark Templar  
  151  11:39  Dark Templar x3, Stalker  
  161  11:40  Stalker x2  
  161  11:46  Archon x2  
  165  11:55  Stalker  
  163  12:20  Stalker x3  
  145  12:30  Stalker x4  
  145  12:36  Stalker x2  
  145  12:37  Stalker  
  153  12:42  Immortal  
  153  12:44  Stalker x3  
  151  12:51  Probe  
  152  12:54  Photon Cannon  
  152  12:55  Robotics Bay  
  152  12:56  Robotics Facility  
  152  13:09  Dark Templar  
  152  13:10  Stalker x2  
  152  13:11  Stalker x2  
  162  13:13  Photon Cannon  
  162  13:16  Photon Cannon  
  162  13:18  Pylon, Shield Battery  
  162  13:20  Shield Battery  
  162  13:25  Assimilator, Stalker x3  
  168  13:29  Assimilator  

Tags
 
Add a new tag
Caveats
  • Supply blocks, unpowered buildings, or Contaminate may cause inaccurate times.
  • Supply counts are checked every 10 seconds.